 Dungeon Crawl Stone Soup version 0.25-a0-860-gf695395 (webtiles) character file.

Game seed: 274419254080116738, levelgen mode: deterministic

344017 Balder the Executioner (level 22, -1/202 HPs)
             Began as a Hill Orc Fighter on Apr 25, 2020.
             Was the Champion of Okawaru.
             Killed from afar by Nikola (28 damage)
             ... with a chain lightning
             ... on level 3 of the Spider Nest on Apr 28, 2020.
             The game lasted 06:35:55 (57175 turns).

Balder the Executioner (Hill Orc Fighter)          Turns: 57175, Time: 06:35:56

Health: -1/202     AC: 30    Str: 24    XL:     22   Next: 40%
Magic:  0/33       EV: 14    Int: 15    God:    Okawaru [******]
Gold:   2988       SH: 26    Dex: 24    Spells: 21/21 levels left

rFire    + + .     SeeInvis .   a - +8 mithril axe "Arga" {speed, MR+}
rCold    . . .     Gourm    .   d - +2 kite shield {reflect}
rNeg     . . .     Faith    .   s - +9 plate armour of Agnosticism {rF+ MR- Dex+2 Stlth+}
rPois    +         Spirit   +   U - +1 hat of Okawaru's Hatred {rPois}
rElec    .         Reflect  +   p - scarf {Spirit}
rCorr    .         Harm     .   N - +0 pair of gloves of the Kettle-Drum {Regen+ Dex+4}
MR       +++..                  K - +0 pair of boots
Stlth    ..........             G - brooch of Shielding {Reflect SH+8}
HPRegen  0.83/turn              T - +5 ring of evasion
MPRegen  0.23/turn              C - ring "Acageuk" {+Fly rF+ MR+ Int+7 Dex+3}

@: no status effects
A: beak, magic resistance 1
}: 1/15 runes: barnacled
a: Heroism, Finesse, Renounce Religion, Evoke Flight


You were on level 3 of the Spider Nest.
You worshipped Okawaru.
Okawaru was exalted by your worship.
You were not hungry.

You visited 10 branches of the dungeon, and saw 41 of its levels.
You visited 1 bazaar.

You collected 5908 gold pieces.
You spent 2920 gold pieces at shops.

Inventory:

Hand Weapons
 a - the +8 mithril axe "Arga" (weapon) {speed, MR+}
   (You took it off a deep elf elementalist on level 3 of the Elven Halls)

   Attacks with this weapon are significantly faster.
   It affects your resistance to hostile enchantments.
 b - a +4 demon whip of flaming
 i - a +3 long sword of holy wrath
 E - a +2 broad axe of freezing
 J - a +4 war axe of electrocution
 R - a +0 vampiric scimitar
Missiles
 h - 25 silver javelins (quivered)
 k - 10 javelins
Armour
 d - a +2 kite shield of reflection (worn)
 l - a +2 tower shield of reflection
 p - a scarf of spirit shield (worn)
 s - the +9 plate armour of Agnosticism (worn) {rF+ MR- Dex+2 Stlth+}
   (You found it on level 3 of the Elven Halls)

   It affects your dexterity (+2).
   It protects you from fire.
   It affects your resistance to hostile enchantments.
   It makes you more stealthy.
 x - a +3 kite shield of protection
 y - a scarf of repulsion
 D - a +4 chain mail of fire resistance
 H - the +3 kite shield of Music {rN++}
   (You acquired it on level 15 of the Dungeon)

   It greatly protects you from negative energy.
 K - a +0 pair of boots (worn)
 N - the +0 pair of gloves of the Kettle-Drum (worn) {Regen+ Dex+4}
   (You found it on level 3 of the Elven Halls)

   It affects your dexterity (+4).
   It increases your rate of regeneration.
 U - the +1 hat of Okawaru's Hatred (worn) {rPois}
   (Okawaru gifted it to you on level 2 of the Elven Halls)

   It protects you from poison.
Jewellery
 B - the amulet "Nocaargholypt" {Acrobat rF- MR+ Str+5 Stlth+}
   (You took it off a deep elf death mage on level 3 of the Elven Halls)

   [amulet of the acrobat]

   It helps you evade while moving and waiting.
   It affects your strength (+5).
   It makes you vulnerable to fire.
   It affects your resistance to hostile enchantments.
   It makes you more stealthy.
 C - the ring "Acageuk" (right hand) {+Fly rF+ MR+ Int+7 Dex+3}
   (You bought it in a shop on level 2 of the Orcish Mines)

   [ring of flight]

   It affects your intelligence (+7).
   It affects your dexterity (+3).
   It protects you from fire.
   It affects your resistance to hostile enchantments.
   It lets you fly.
 G - the brooch of Shielding (around neck) {Reflect SH+8}
   (You took it off a deep elf elementalist on level 3 of the Elven Halls)

   [amulet of reflection]

   It shields you and reflects attacks.
   It affects your SH (+8).
 P - the ring of Wadwop {Str+4 Dex+3}
   (You found it on level 3 of the Elven Halls)

   [ring of strength]

   It affects your strength (+4).
   It affects your dexterity (+3).
 T - a +5 ring of evasion (left hand)
 Y - an uncursed ring of poison resistance
Wands
 g - a wand of paralysis (5)
 t - a wand of acid (14)
 w - a wand of digging (2)
 F - a wand of disintegration (16)
 I - a wand of polymorph (53)
 O - a wand of flame (85)
 Q - a wand of iceblast (4)
 X - a wand of scattershot (4)
Scrolls
 c - 3 scrolls of blinking
 e - 16 scrolls of identify
 n - 3 scrolls of magic mapping
 q - 12 scrolls of remove curse
 v - 9 scrolls of teleportation
Potions
 j - 3 potions of haste
 m - 8 potions of curing
 u - 7 potions of mutation
 z - 4 potions of stabbing
 L - 3 potions of might
 M - 2 potions of invisibility
 V - a potion of heal wounds
Miscellaneous
 o - 3 tins of tremorstones
 r - a phial of floods
 A - a lightning rod (4/4)
 S - 4 phantom mirrors
 W - 3 boxes of beasts
 Z - a phial of floods
Comestibles
 f - 24 rations


   Skills:
 * Level 18.1 Fighting
   Level 4.0(6.2) Short Blades
 * Level 8.0(8.5) Long Blades
 * Level 21.0(22.7) Axes
 * Level 13.9(17.7) Maces & Flails
 * Level 12.9 Throwing
 * Level 14.8 Armour
 + Level 2.1 Dodging
 * Level 4.3 Stealth
 * Level 18.0 Shields
 * Level 15.0 Invocations
 * Level 2.9 Evocations


You had 21 spell levels left.
You didn't know any spells.
Your spell library contained the following spells:

 Spells                   Type           Power        Failure   Level  Hunger
 Foxfire                  Conj/Fire      #...         91%         1    ##.....
 Infusion                 Chrm           #...         91%         1    ##.....
 Magic Dart               Conj           #...         91%         1    ##.....
 Sting                    Tmut/Pois      #...         91%         1    ##.....
 Blink                    Tloc           N/A          97%         2    ###....
 Call Imp                 Summ           #.......     97%         2    ###....
 Poisonous Vapours        Pois/Air       #.....       97%         2    ###....
 Searing Ray              Conj           #.....       97%         2    ###....
 Shroud of Golubria       Chrm/Tloc      #.....       97%         2    ###....
 Slow                     Hex            #.......     97%         2    ###....
 Song of Slaying          Chrm           #.......     97%         2    ###....
 Conjure Flame            Conj/Fire      #.......     100%        3    ####...
 Dazzling Flash           Conj/Hex       #.....       100%        3    ####...
 Ignite Poison            Fire/Tmut/Pois #.......     100%        3    ####...
 Inner Flame              Hex/Fire       #.......     100%        3    ####...
 Mephitic Cloud           Conj/Pois/Air  #.......     100%        3    ####...
 Ozocubu's Armour         Chrm/Ice       #.......     100%        3    ####...
 Recall                   Summ/Tloc      N/A          100%        3    ####...
 Spectral Weapon          Hex/Chrm       #.......     100%        3    ####...
 Animate Dead             Necr           N/A          100%        4    #####..
 Cause Fear               Hex            #.........   100%        4    #####..
 Fulminant Prism          Conj/Hex       #.........   100%        4    #####..
 Iskenderun's Mystic Bla  Conj/Tloc      #.......     100%        4    #####..
 Olgreb's Toxic Radiance  Pois           #.......     100%        4    #####..
 Sticky Flame             Conj/Fire      #.......     100%        4    #####..
 Summon Lightning Spire   Summ/Air       #.......     100%        4    #####..
 Aura of Abjuration       Summ           #.........   100%        5    ######.
 Borgnjor's Vile Clutch   Necr/Erth      #.........   100%        5    ######.
 Fireball                 Conj/Fire      #.........   100%        5    ######.
 Silence                  Hex/Air        #.........   100%        5    ######.
 Summon Demon             Summ           #.........   100%        5    ######.
 Summon Forest            Summ/Tloc      #.........   100%        5    ######.
 Summon Mana Viper        Hex/Summ       #.......     100%        5    ######.
 Yara's Violent Unravell  Hex/Tmut       #.........   100%        5    ######.
 Conjure Ball Lightning   Conj/Air       #.........   100%        6    #######
 Death Channel            Necr           #.........   100%        6    #######
 Shadow Creatures         Summ           N/A          100%        6    #######
 Simulacrum               Ice/Necr       #.........   100%        6    #######
 Starburst                Conj/Fire      #.........   100%        6    #######
 Ring of Flames           Chrm/Fire      #.........   100%        7    #######
 Discord                  Hex            #.........   100%        8    #######
 Ignition                 Fire           #.........   100%        8    #######
 Tornado                  Air            #.........   100%        9    #######


Dungeon Overview and Level Annotations

Branches:
Dungeon (15/15)            Temple (1/1) D:5            Lair (6/6) D:9
 Shoals (4/4) Lair:4       Spider (3/4) Lair:2        Slime (0/5) Lair:6
    Orc (2/2) D:12            Elf (3/3) Orc:2        Vaults (5/5) D:14
  Crypt (1/3) Vaults:2     Depths (1/5) D:15

Altars:
Ashenzari
Cheibriados
Dithmenos
Elyvilon
Fedhas
Gozag
Nemelex Xobeh
Okawaru
Qazlal
Sif Muna
Trog
Uskayaw
Wu Jian
Xom
Yredelemnul
Zin
The Shining One
Beogh

Shops:
D:4 =   D:6 :   D:7 =   D:11 :   Orc:1 ?   Orc:2 ([*:   Elf:1 *   Elf:2 =
Elf:3 =   Vaults:1 (   Vaults:3 [[%   Depths:1 !*

Annotations:
D:11 2 transporters, shoop's ghost, journeyman VSMo
Lair:4 2 transporters, Zeleuf's ghost, journeyman MfAs
Shoals:1 3 runed translucent doors, GallusRoboticus's ghost, journeyman GrFi
Spider:3 Nikola
Vaults:3 2 runed translucent doors, mdk's ghost, adept MiMo


Innate Abilities, Weirdness & Mutations

You have a beak for a mouth.
You are resistant to hostile enchantments. (MR+)


Message History

The lightning arc hits you!
The lightning arc grounds out.
You hear a hideous shriek!
Nikola casts a spell.
You hear a mighty clap of thunder!
The lightning arc hits you!!
The lightning arc hits Nikola.
The lightning arc hits you!
The lightning arc hits Nikola!
The lightning arc hits you!
The lightning arc hits Nikola.
Nikola gestures wildly while chanting.
You hear a mighty clap of thunder!
The lightning arc hits you!!
The lightning arc hits Nikola.
The lightning arc hits you!
The lightning arc grounds out.
You hear an angry buzzing noise.
Nikola gestures wildly while chanting.
You hear a mighty clap of thunder!
The lightning arc hits you!!
* * * LOW HITPOINT WARNING * * *
The lightning arc hits Nikola!
The lightning arc hits you!!
* * * LOW HITPOINT WARNING * * *
The lightning arc hits Nikola!
The lightning arc hits you!!
You die...

#.#####.##.!#
#.#..^#.###.##
#>......# ##.#
##.......## ### #
#.........#### #.
##..$.........#
.##..#..........^###
#................#
#..@.@........##
#####.......###
#.....### #######


You could see Nikola.

Vanquished Creatures
  Saint Roka (Vaults:2)
  A lich (Vaults:4)
  2 deep elf blademasters (Elf:3)
  Polyphemus (Shoals:2)
  A sphinx (Vaults:4)
  Donald (Shoals:1)
  A revenant (Crypt:1)
  Ilsuiw (Shoals:2)
  Roxanne (Shoals:1)
  11 vault wardens
  3 fire giants
  4 deep elf sorcerers
  3 orc warlords
  3 deep elf elementalists (Elf:3)
  3 emperor scorpions
  10 ironheart preservers
  2 entropy weavers (D:11)
  3 stone giants
  Azrael (D:13)
  A vampire knight (Crypt:1)
  2 deep elf annihilators (Elf:3)
  6 deep elf demonologists (Elf:3)
  4 spark wasps (Depths:1)
  3 merfolk javelineers (Shoals:4)
  10 deep elf death magi
  A crystal guardian (Vaults:2)
  4 ettins
  7 fire dragons
  5 merfolk impalers
  A great orb of eyes (Vaults:4)
  2 deep elf high priests (Elf:3)
  3 ice dragons
  11 ogre magi
  5 yaktaur captains
  A rakshasa (Vaults:1)
  16 vault guards
  Josephine (Orc:1)
  12 hydras
  Erolcha (D:9)
  The ghost of Tamiotz the Cleaver, a journeyman VSBe of Trog (Lair:3)
  3 death knights
  5 centaur warriors
  3 merfolk aquamancers (Shoals:4)
  A catoblepas (Shoals:2)
  A satyr (Shoals:3)
  2 merfolk avatars
  34 two-headed ogres
  30 dancing weapons
  2 deep troll shamans (Vaults:4)
  3 tengu warriors (D:14)
  Erica (Lair:1)
  7 death yaks
  A queen ant (D:12)
  A deep troll earth mage (Vaults:1)
  6 orc high priests
  3 vampire magi
  A titan zombie (Vaults:3)
  23 deep elf knights
  A soul eater (Vaults:2)
  3 shadow wraiths (Vaults:4)
  16 skeletal warriors
  10 sea snakes
  6 unseen horrors
  5 deep trolls
  Pikel (D:4)
  2 phantasmal warriors
  12 harpies
  10 deep elf archers
  2 flayed ghosts
  11 ironbrand convokers
  3 wizards
  A necromancer (Vaults:3)
  11 orb spiders
  15 wolf spiders
  23 orc knights
  8 orc sorcerers
  19 fauns
  59 deep elf magi
  2 oklob plants
  9 manticores
  6 cyclopes
  A moth of wrath (Spider:1)
  34 ugly things
  6 elephants (Lair:6)
  A salamander (shapeshifter) (Vaults:1)
  A moth of wrath (shapeshifter) (Vaults:4)
  9 vault sentinels
  Maurice (D:11)
  8 merfolk sirens
  A black mamba (shapeshifter) (Vaults:1)
  3 centaur zombies
  Joseph (D:9)
  3 black mambas
  Psyche (D:8)
  A torpor snail (Spider:2)
  A guardian serpent (shapeshifter) (D:15)
  A storm dragon simulacrum (D:15)
  A water nymph (Shoals:4)
  9 spiny frogs
  A spiny frog (shapeshifter) (Vaults:3)
  3 rime drakes
  A sea snake zombie (Crypt:1)
  3 kobold demonologists
  An efreet (D:15)
  7 freezing wraiths
  8 komodo dragons
  26 yaktaurs
  8 demonic crawlers
  A queen ant zombie (Crypt:1)
  A jumping spider (shapeshifter) (Vaults:4)
  15 merfolk
  24 jumping spiders
  7 polar bears
  A queen bee (shapeshifter) (Vaults:1)
  A harpy zombie (D:14)
  Grinder (D:3)
  A polar bear (shapeshifter) (Vaults:3)
  8 hornets
  7 trolls
  18 slime creatures
  5 wind drakes
  2 blink frogs (shapeshifter)
  An ettin zombie (Vaults:3)
  20 blink frogs
  6 dream sheep
  A human simulacrum (Vaults:3)
  6 snapping turtles
  A centaur simulacrum (D:14)
  10 hippogriffs
  A vampire (D:15)
  Sigmund (D:5)
  3 shadows
  11 wraiths
  5 air elementals
  41 redbacks
  13 spriggans (Lair:6)
  3 fire elementals
  15 water elementals
  3 basilisks
  17 tarantellas
  31 yaks
  A golden eye (shapeshifter) (Vaults:4)
  2 steam dragons
  4 vampire mosquitoes (D:14)
  3 hungry ghosts
  4 wargs
  17 soldier ants
  A deep troll zombie (Crypt:1)
  Duvessa (D:5)
  12 porcupines
  10 water moccasins
  7 hell hounds (D:13)
  2 ice beasts
  8 black bears
  47 orc warriors
  A sky beast (D:13)
  4 phantoms
  36 wolves
  36 ogres
  5 centaurs
  12 boggarts
  11 crocodiles
  An elf skeleton (Vaults:3)
  4 big kobolds
  10 bullfrogs
  3 earth elementals
  A human skeleton (Vaults:3)
  2 scorpions
  2 wyvern skeletons
  Dowan (D:5)
  5 killer bees (D:12)
  10 wights
  A troll skeleton (Crypt:1)
  An electric eel (Elf:3)
  10 crimson imps
  5 hounds
  11 orc priests
  2 jellies
  Crazy Yiuf (D:5)
  34 orc wizards
  A bullfrog skeleton (D:5)
  4 centaur skeletons
  An iguana (D:10)
  Ijyb (D:3)
  25 worker ants
  2 hound skeletons
  A worker ant zombie (D:9)
  3 gnolls (D:4)
  21 adders
  3 shadow imps
  2 oozes
  An adder zombie (D:8)
  3 worms
  5 dart slugs
  7 leopard geckos
  96 orcs
  3 giant cockroaches
  8 goblins
  7 hobgoblins
  6 jackals
  5 quokkas
  3 ball pythons
  8 bats
  6 frilled lizards
  7 kobolds
  A leopard gecko skeleton (D:5)
  A quokka skeleton (D:8)
  8 rats
  A butterfly (Lair:6)
  2 crawling corpses (Elf:3)
  A fungus (Lair:3)
  8 plants
1513 creatures vanquished.

Vanquished Creatures (collateral kills)
  An entropy weaver (Vaults:1)
1 creature vanquished.

Vanquished Creatures (others)
  2 deep elf master archers (Elf:3)
  2 stone giants
  2 satyrs
  2 cyclopes
  An orb spider (Spider:3)
  2 deep elf magi
  4 fauns
  A torpor snail (Spider:1)
  9 yaktaurs
  A merfolk (Shoals:3)
  An orc warrior (Vaults:1)
  A centaur (Shoals:4)
  2 boggarts (Elf:2)
  A bush (Lair:6)
  57 fungi
  51 plants
139 creatures vanquished.

Grand Total: 1653 creatures vanquished

Notes
Turn   | Place    | Note
-------+----------+-------------------------------------------
     0 | D:1      | Balder the Hill Orc Fighter began the quest for the Orb.
     0 | D:1      | Reached XP level 1. HP: 19/19 MP: 1/1
   254 | D:1      | Reached XP level 2. HP: 27/27 MP: 2/2
   305 | D:1      | Reached skill level 3 in Axes
   534 | D:1      | Reached XP level 3. HP: 31/33 MP: 3/3
   974 | D:2      | Reached skill level 4 in Axes
  1047 | D:2      | Reached skill level 1 in Throwing
  1047 | D:2      | Reached XP level 4. HP: 39/40 MP: 4/4
  1453 | D:2      | Reached XP level 5. HP: 44/46 MP: 5/5
  1737 | D:2      | Reached skill level 5 in Axes
  2427 | D:3      | Noticed Grinder
  2430 | D:3      | Paralysed by Grinder for 6 turns
  2439 | D:3      | Paralysed by Grinder for 7 turns
  2460 | D:3      | Paralysed by Grinder for 5 turns
  2472 | D:3      | Paralysed by Grinder for 2 turns
  2485 | D:3      | Paralysed by Grinder for 5 turns
  2501 | D:3      | Killed Grinder
  2501 | D:3      | Reached skill level 6 in Axes
  2501 | D:3      | Reached XP level 6. HP: 37/53 MP: 6/6
  2849 | D:3      | Noticed Ijyb
  2860 | D:3      | Killed Ijyb
  3019 | D:4      | Found Qiwkex's Jewellery Boutique.
  3095 | D:4      | Reached skill level 5 in Fighting
  3095 | D:4      | Reached XP level 7. HP: 60/61 MP: 7/7
  3314 | D:4      | Reached skill level 7 in Axes
  3448 | D:4      | Noticed Pikel
  3469 | D:4      | Killed Pikel
  3469 | D:4      | Reached skill level 8 in Axes
  3469 | D:4      | Reached XP level 8. HP: 49/70 MP: 8/8
  3806 | D:4      | Found a basalt altar of Yredelemnul.
  3925 | D:5      | Entered Level 5 of the Dungeon
  4089 | D:5      | Reached skill level 9 in Axes
  4090 | D:5      | Reached skill level 5 in Shields
  4318 | D:5      | Noticed Duvessa
  4318 | D:5      | Noticed Dowan
  4330 | D:5      | Killed Dowan
  4345 | D:5      | Killed Duvessa
  4345 | D:5      | Reached skill level 1 in Maces & Flails
  4437 | D:5      | Found a staircase to the Ecumenical Temple.
  4482 | Temple   | Entered the Ecumenical Temple
  4604 | Temple   | Became a worshipper of Warmaster Okawaru
  4687 | D:5      | Reached skill level 10 in Axes
  4687 | D:5      | Reached XP level 9. HP: 78/78 MP: 9/9
  4732 | D:5      | Noticed Sigmund
  4751 | D:5      | Killed Sigmund
  4984 | D:5      | Found a runed translucent door.
  4985 | D:5      | Noticed Crazy Yiuf
  4992 | D:5      | Killed Crazy Yiuf
  4992 | D:5      | Reached skill level 5 in Armour
  5001 | D:5      | Got a faintly glowing mace
  5002 | D:5      | Identified the +2 mace "Leh Gesadd" {vorpal, Int+3} (You
                  | found it on level 5 of the Dungeon)
  5290 | D:6      | Reached * piety under Okawaru
  5325 | D:6      | Found Nasuic's Book Boutique.
  5805 | D:7      | Noticed a green ugly thing
  5830 | D:7      | Killed a green ugly thing
  5936 | D:7      | Found Zeaxagaonk's Jewellery Boutique.
  5950 | D:7      | Bought a +2 ring of strength for 90 gold pieces
  6016 | D:7      | Reached skill level 1 in Invocations
  6575 | D:8      | Found a shattered altar of Ashenzari.
  6627 | D:8      | Reached ** piety under Okawaru
  6767 | D:8      | Reached XP level 10. HP: 82/86 MP: 11/11
  6979 | D:8      | Reached skill level 5 in Maces & Flails
  7047 | D:8      | Noticed Psyche
  7057 | D:8      | Killed Psyche
  7498 | D:9      | Noticed Erolcha
  7512 | D:9      | Killed Erolcha
  7512 | D:9      | Reached skill level 11 in Axes
  7749 | D:9      | Reached *** piety under Okawaru
  8053 | D:9      | Reached skill level 5 in Throwing
  8068 | D:9      | Found a staircase to the Lair.
  8222 | D:9      | Noticed a two-headed ogre
  8230 | D:9      | Killed a two-headed ogre
  8230 | D:9      | Received a gift from Okawaru
  8249 | D:9      | Noticed Joseph
  8268 | D:9      | Killed Joseph
  8268 | D:9      | Reached **** piety under Okawaru
  8268 | D:9      | Reached XP level 11. HP: 73/94 MP: 14/14
  8560 | D:10     | Entered Level 10 of the Dungeon
  8595 | D:10     | Reached skill level 1 in Evocations
  8997 | D:10     | Reached skill level 12 in Axes
  9533 | D:11     | Received a gift from Okawaru
  9780 | Lair:1   | Entered Level 1 of the Lair of Beasts
  9780 | Lair:1   | Noticed an eight-headed hydra
  9797 | Lair:1   | Killed an eight-headed hydra
 10527 | Lair:1   | Noticed Erica
 10546 | Lair:1   | Killed Erica
 10685 | Lair:1   | Reached skill level 1 in Long Blades
 10685 | Lair:1   | Reached skill level 5 in Invocations
 11314 | D:7      | Bought a +5 ring of evasion for 660 gold pieces
 11472 | Lair:2   | Noticed a four-headed hydra
 11486 | Lair:2   | Killed a one-headed hydra
 11901 | Lair:2   | Noticed a four-headed hydra
 11914 | Lair:2   | Killed a one-headed hydra
 11914 | Lair:2   | Reached ***** piety under Okawaru
 11922 | Lair:2   | Reached XP level 12. HP: 70/103 MP: 13/16
 12032 | Lair:2   | Received a gift from Okawaru
 12551 | Lair:2   | Found a hole to the Spider Nest.
 12574 | Lair:2   | Noticed a six-headed hydra
 12593 | Lair:2   | Killed a three-headed hydra
 13304 | Lair:3   | Received a gift from Okawaru
 13304 | Lair:3   | Reached skill level 13 in Axes
 13769 | Lair:3   | Found a runed translucent gate.
 13769 | Lair:3   | Found a runed translucent gate.
 13769 | Lair:3   | Found a runed translucent gate.
 13771 | Lair:3   | Noticed a nine-headed hydra
 13772 | Lair:3   | Noticed Tamiotz's ghost (journeyman VSBe)
 13773 | Lair:3   | Noticed a ten-headed hydra
 14140 | Lair:3   | Identified a scroll of acquirement
 14196 | Lair:3   | You fall into a shaft and drop 1 floor!
 14337 | Lair:4   | Noticed an eight-headed hydra
 14347 | Lair:4   | Killed a three-headed hydra
 14566 | Lair:4   | Found a transporter.
 14586 | Lair:4   | You fall into a shaft and drop 2 floors!
 14586 | Lair:6   | Entered Level 6 of the Lair of Beasts
 14611 | Lair:6   | Reached XP level 13. HP: 112/112 MP: 15/18
 14634 | Lair:6   | Reached skill level 14 in Axes
 15052 | Lair:6   | Reached skill level 10 in Shields
 15077 | Lair:6   | Reached skill level 10 in Fighting
 15168 | Lair:6   | Received a gift from Okawaru
 15231 | Lair:6   | Reached skill level 1 in Dodging
 15485 | Lair:6   | Found a staircase to the Slime Pits.
 15599 | Lair:6   | Reached ****** piety under Okawaru
 15607 | Lair:6   | Received a gift from Okawaru
 15768 | Lair:6   | Reached skill level 10 in Armour
 15879 | Lair:6   | Reached skill level 5 in Long Blades
 15896 | Lair:6   | Reached XP level 14. HP: 25/122 MP: 20/20
 16191 | Lair:6   | Reached skill level 15 in Axes
 17992 | Lair:4   | Found a transporter.
 18034 | Lair:4   | Noticed Zeleuf's ghost (journeyman MfAs)
 18356 | Lair:4   | Found a staircase to the Shoals.
 18366 | Lair:4   | Received a gift from Okawaru
 19401 | D:11     | Found a transporter.
 19403 | D:11     | Noticed shoop's ghost (journeyman VSMo)
 19404 | D:11     | Identified the +10 great mace "Kyolikha" {pain, rF+ Str+2}
 19404 | D:11     | Identified the +1 dire flail of Uge Bokk {flame, MR+ Int+4}
 19413 | D:11     | Found a transporter.
 19547 | D:11     | Noticed Maurice
 19600 | D:11     | Killed Maurice
 19653 | D:11     | Found Yroretwe's Book Emporium.
 19767 | D:11     | Found a shimmering blue altar of Sif Muna.
 20158 | D:12     | Found a staircase to the Orcish Mines.
 20777 | D:12     | Received a gift from Okawaru
 21359 | D:12     | Noticed an entropy weaver
 21390 | D:12     | Noticed an entropy weaver
 21782 | D:11     | Killed an entropy weaver
 21807 | D:11     | Killed an entropy weaver
 22311 | Orc:1    | Entered Level 1 of the Orcish Mines
 22359 | Orc:1    | Noticed an orc warlord
 22375 | Orc:1    | Killed an orc warlord
 22375 | Orc:1    | Received a gift from Okawaru
 22656 | D:13     | Received a gift from Okawaru
 22765 | D:13     | Reached XP level 15. HP: 123/130 MP: 19/21
 22989 | D:13     | Noticed Azrael
 23002 | D:13     | Killed Azrael
 23002 | D:13     | Reached skill level 16 in Axes
 24195 | Orc:1    | Paralysed by an orc sorcerer for 6 turns
 24965 | Orc:1    | Gained mutation: You evolve. [a neqoxec]
 25766 | Orc:1    | Received a gift from Okawaru
 26170 | Orc:1    | Noticed Josephine
 26181 | Orc:1    | Killed Josephine
 26393 | Orc:1    | Found Azuivvas's Magic Scroll Shoppe.
 26399 | Orc:1    | Bought a scroll of magic mapping for 49 gold pieces
 26439 | Orc:2    | Entered Level 2 of the Orcish Mines
 26476 | Orc:1    | Received a gift from Okawaru
 27076 | Orc:1    | Received a gift from Okawaru
 27130 | Orc:2    | Gained mutation: You tend to lose your temper in combat. [a
                  | neqoxec]
 27867 | Orc:2    | Found a roughly hewn altar of Beogh.
 27976 | Orc:2    | Noticed an orc warlord
 28021 | Orc:1    | Gained mutation: Your spells are a little harder to cast,
                  | but a little more powerful. [evolution]
 28097 | Orc:1    | Received a gift from Okawaru
 28146 | Orc:1    | Killed an orc warlord
 28834 | Orc:2    | Found Hew Pyshei's General Store.
 28835 | Orc:2    | Found Coegunil's Book Boutique.
 28837 | Orc:2    | Found Paerriw's Antique Armour Shop.
 28837 | Orc:2    | Found Giexeg's Antique Weapon Shop.
 29157 | Orc:2    | Found a staircase to the Elven Halls.
 30054 | Orc:2    | Bought the ring "Acageuk" {+Fly rF+ MR+ Int+7 Dex+3} for
                  | 871 gold pieces
 30111 | Elf:1    | Entered Level 1 of the Elven Halls
 30189 | Elf:1    | Reached skill level 10 in Maces & Flails
 30215 | Elf:1    | Received a gift from Okawaru
 30261 | Elf:1    | Got a polished short sword {god gift}
 30472 | Elf:1    | Identified the +5 short sword of Jianedag {flame, MR+ Int+3
                  | SInv} (Okawaru gifted it to you on level 1 of the Elven
                  | Halls)
 30514 | Elf:1    | Reached skill level 10 in Invocations
 30575 | Elf:1    | Noticed a deep elf sorcerer
 30580 | Elf:1    | Killed a deep elf sorcerer
 30580 | Elf:1    | Reached XP level 16. HP: 129/141 MP: 23/23
 30733 | Elf:1    | Reached skill level 1 in Short Blades
 30774 | Elf:1    | Lost mutation: Your spells are a little harder to cast, but
                  | a little more powerful. [potion of mutation]
 30774 | Elf:1    | Lost mutation: You evolve. [potion of mutation]
 30774 | Elf:1    | Lost mutation: You tend to lose your temper in combat.
                  | [potion of mutation]
 30774 | Elf:1    | Gained mutation: You have a beak for a mouth. [potion of
                  | mutation]
 30774 | Elf:1    | Gained mutation: You are resistant to hostile enchantments.
                  | (MR+) [potion of mutation]
 31721 | Elf:1    | Received a gift from Okawaru
 31802 | Elf:1    | Found Ydashue's Assorted Antiques.
 33543 | Elf:2    | Reached skill level 17 in Axes
 33576 | Elf:2    | Received a gift from Okawaru
 33587 | Elf:2    | Got a warped hat {god gift}
 33594 | Elf:2    | Identified the +1 hat of Okawaru's Hatred {rPois} (Okawaru
                  | gifted it to you on level 2 of the Elven Halls)
 33680 | Elf:2    | Found a runed translucent gate.
 33680 | Elf:2    | Found a runed translucent gate.
 33680 | Elf:2    | Found a runed translucent gate.
 33962 | Elf:2    | Found Buwnug's Jewellery Shoppe.
 34179 | Elf:2    | Found a shimmering blue altar of Sif Muna.
 34439 | Elf:2    | Reached XP level 17. HP: 85/150 MP: 16/25
 34826 | Elf:3    | Entered Level 3 of the Elven Halls
 35312 | Elf:3    | Upgraded the game from 0.25-a0-842-g81a31cf to
                  | 0.25-a0-843-g6944ee3
 35743 | Elf:3    | Found Uskoc's Jewellery Shop.
 36136 | Elf:3    | Noticed a Hell Sentinel
 36626 | Elf:3    | Noticed a Tzitzimitl
 36627 | Elf:3    | Noticed a Hell Sentinel
 36688 | Elf:3    | Noticed a Tzitzimitl
 37030 | Elf:3    | Noticed a deep elf blademaster
 37044 | Elf:3    | Reached skill level 10 in Throwing
 37067 | Elf:3    | Killed a deep elf blademaster
 37067 | Elf:3    | Received a gift from Okawaru
 37266 | Elf:3    | Received a gift from Okawaru
 37347 | Elf:3    | Identified the amulet of the Final Chapter {rElec rPois
                  | Regen+}
 37625 | Elf:3    | Noticed a deep elf master archer
 37641 | Elf:3    | Killed a deep elf master archer
 37660 | Elf:3    | Got a pair of dazzling gloves
 37672 | Elf:3    | Identified the +0 pair of gloves of the Kettle-Drum {Regen+
                  | Dex+4} (You found it on level 3 of the Elven Halls)
 37767 | Elf:3    | Identified the amulet "Nocaargholypt" {Acrobat rF- MR+
                  | Str+5 Stlth+}
 37770 | Elf:3    | Identified the +0 scale mail of the Ten Spreadsheets {rElec
                  | Int+2 Dex+3}
 37770 | Elf:3    | Identified the ring of Wadwop {Str+4 Dex+3}
 37770 | Elf:3    | Noticed a deep elf master archer
 37771 | Elf:3    | Noticed a deep elf blademaster
 37805 | Elf:3    | Killed a deep elf master archer
 37808 | Elf:3    | Killed a ghostly deep elf master archer
 37823 | Elf:3    | Killed a deep elf blademaster
 37831 | Elf:3    | Killed a ghostly deep elf blademaster
 37857 | Elf:3    | Received a gift from Okawaru
 38129 | Elf:3    | Got a smelly plate armour
 38140 | Elf:3    | Identified the +9 plate armour of Agnosticism {rF+ MR-
                  | Dex+2 Stlth+} (You found it on level 3 of the Elven Halls)
 38355 | Elf:2    | Identified the amulet of Yesterday {RegenMP +Fly rF+ SInv}
 38942 | Shoals:1 | Entered Level 1 of the Shoals
 38986 | Shoals:1 | Identified Roxanne's Disquisition on Transmigration
 38986 | Shoals:1 | Noticed Roxanne
 39016 | Shoals:1 | Killed Roxanne
 39134 | Shoals:1 | Noticed Donald
 39170 | Shoals:1 | Killed Donald
 39170 | Shoals:1 | Reached XP level 18. HP: 148/161 MP: 22/26
 39428 | Shoals:2 | Noticed Ilsuiw
 39473 | Shoals:2 | Killed Ilsuiw
 39732 | Shoals:3 | Reached skill level 18 in Axes
 39744 | Shoals:3 | Received a gift from Okawaru
 40220 | Shoals:4 | Entered Level 4 of the Shoals
 40319 | Shoals:4 | Received a gift from Okawaru
 40330 | Shoals:4 | Reached skill level 15 in Shields
 40496 | Shoals:4 | Received a gift from Okawaru
 41502 | Shoals:4 | Got a barnacled rune of Zot
 41667 | Shoals:2 | Noticed Polyphemus
 41714 | Shoals:2 | Reached skill level 15 in Fighting
 41731 | Shoals:2 | Killed Polyphemus
 41933 | Shoals:1 | Found a runed translucent gate.
 41937 | Shoals:1 | Found a runed translucent gate.
 41937 | Shoals:1 | Found a runed translucent gate.
 41938 | Shoals:1 | Noticed GallusRoboticus's ghost (journeyman GrFi)
 41963 | Shoals:1 | Reached skill level 1 in Stealth
 42845 | Spider:1 | Entered Level 1 of the Spider Nest
 43063 | Spider:1 | Reached XP level 19. HP: 170/170 MP: 28/28
 43497 | D:14     | Found a gate to the Vaults.
 44073 | D:14     | Received a gift from Okawaru
 44537 | Vaults:1 | Entered Level 1 of the Vaults
 44776 | Vaults:1 | Received a gift from Okawaru
 45089 | Vaults:1 | Reached skill level 19 in Axes
 45757 | Vaults:1 | Reached XP level 20. HP: 180/180 MP: 30/30
 45855 | Vaults:1 | Received a gift from Okawaru
 46666 | Vaults:1 | Found Dicoug's Antique Weapon Shop.
 46797 | Vaults:2 | Received a gift from Okawaru
 47421 | Vaults:2 | Noticed Saint Roka
 47446 | Vaults:2 | Killed Saint Roka
 47759 | Vaults:2 | Received a gift from Okawaru
 47973 | Vaults:2 | Found a staircase to the Crypt.
 48294 | Vaults:3 | Found a runed translucent gate.
 48478 | Vaults:3 | Got a fine chain mail
 48489 | Vaults:3 | Identified the +6 chain mail "Ruteyzua" {MP+9} (You found
                  | it on level 3 of the Vaults)
 48535 | Vaults:3 | Found Dupsif's Armour Shop.
 48575 | Vaults:3 | Found Ejimim's Armour Shoppe.
 48725 | Vaults:3 | Found Vowebuge's Food Boutique.
 48728 | Vaults:3 | Found a flickering gateway to a bazaar.
 48754 | Vaults:3 | Reached skill level 20 in Axes
 48971 | Bazaar   | Entered a bazaar
 48971 | Bazaar   | Found Pitibolu's Assorted Antiques.
 48971 | Bazaar   | Found Feschygys's Weapon Shoppe.
 48971 | Bazaar   | Found Oghutiob's Armour Shop.
 48971 | Bazaar   | Found Yjaxt's Assorted Antiques.
 49044 | Bazaar   | Bought a scroll of magic mapping for 73 gold pieces
 49044 | Bazaar   | Bought a scroll of acquirement for 1092 gold pieces
 49077 | Bazaar   | Identified the +2 pair of gloves of Greed {Str+4} (You
                  | acquired it in a bazaar)
 49077 | Bazaar   | Identified the ring of Iwiat {Fire Str+3 Int+6 Dex-3} (You
                  | acquired it in a bazaar)
 49284 | Vaults:3 | Found a runed translucent gate.
 49284 | Vaults:3 | Found a runed translucent gate.
 49285 | Vaults:3 | Noticed mdk's ghost (adept MiMo)
 49548 | Vaults:3 | Received a gift from Okawaru
 50011 | Vaults:3 | Reached XP level 21. HP: 190/190 MP: 31/31
 50572 | Vaults:4 | Received a gift from Okawaru
 51111 | Vaults:4 | Got a scorched scale mail
 51129 | Vaults:4 | Identified the cursed +0 scale mail "Ymuisi Ynycs" {Regen+
                  | rCorr} (You found it on level 4 of the Vaults)
 51575 | Vaults:4 | Received a gift from Okawaru
 51791 | Vaults:4 | Received a gift from Okawaru
 52202 | Vaults:5 | Entered Level 5 of the Vaults
 52206 | Vaults:4 | Upgraded the game from 0.25-a0-843-g6944ee3 to
                  | 0.25-a0-857-g60a0bcd
 52303 | Crypt:1  | Entered Level 1 of the Crypt
 53014 | D:15     | Entered Level 15 of the Dungeon
 53153 | D:15     | Identified the +3 kite shield of Music {rN++} (You acquired
                  | it on level 15 of the Dungeon)
 53663 | D:15     | Found a staircase to the Depths.
 53690 | D:15     | Upgraded the game from 0.25-a0-857-g60a0bcd to
                  | 0.25-a0-860-gf695395
 53699 | Depths:1 | Entered Level 1 of the Depths
 53708 | Depths:1 | Received a gift from Okawaru
 53714 | Depths:1 | Got a faintly glowing triple crossbow {god gift}
 53728 | Depths:1 | Found Ygeaniek's Distillery.
 53821 | Depths:1 | Bought a potion of heal wounds for 85 gold pieces
 53821 | Depths:1 | Found Ofewox's Assorted Antiques.
 53826 | Depths:1 | Reached XP level 22. HP: 170/201 MP: 27/33
 53927 | D:14     | Identified the +9 triple crossbow of Cokati Gout {venom,
                  | rElec MR+ Int+5} (Okawaru gifted it to you on level 1 of
                  | the Depths)
 54454 | Lair:3   | Killed Tamiotz's ghost
 56015 | Spider:2 | Received a gift from Okawaru
 56098 | Spider:2 | Reached skill level 21 in Axes
 56734 | Spider:3 | Received a gift from Okawaru
 56969 | Spider:3 | Reached skill level 15 in Invocations
 57169 | Spider:3 | Noticed Nikola
 57175 | Spider:3 | Killed from afar by Nikola

Levels and vault maps discovered:
D:1:      nagdon_arrival_double_spiral, layout_loops_ring,
          minmay_misc_feat_rows, nrook_mini_backslash, palyth_stone_intersect
D:2:      layout_basic, minmay_increasing_density
D:3:      layout_rooms, uniq_grinder, uniq_ijyb
D:4:      layout_basic, lemuel_round_altar, first_ration, serial_shops,
          shop_statue, uniq_pikel
D:5:      layout_rooms, minmay_temple_entry_stoned_glass, uniq_duvessa,
          uniq_sigmund, uniq_crazy_yiuf_cottage
D:6:      layout_rooms, serial_shops, kennysheep_mini_moat
D:7:      layout_basic, serial_shops, kennysheep_little_box
D:8:      layout_cave_pods, grunt_pizzeria, cheibrodos_ashenzari_chains,
          uniq_psyche
D:9:      layout_basic, grunt_lair_entry_orc_guard_hut, uniq_joseph,
          uniq_erolcha
D:10:     layout_irregular_city
D:11:     layout_cross, serial_shops, nicolae_shop_trees, gammafunk_ghost_smash,
          portal_ice_cave_entry_pillars_1, lemuel_blue_sif_altar, uniq_maurice
D:12:     layout_cave_pods, david_orc_2, zaba_antful_of_joy
D:13:     layout_cave_pools, uniq_azrael
D:14:     layout_irregular_city, erik_vaults_2, kennysheep_small_square
D:15:     grunt_enter_depths_hoard, layout_cave_pools, minivault_24
Temple:   grunt_wide_crystal_templ
Lair:1:   layout_regular_city, uniq_erica
Lair:2:   beast_lair_carwin_large_4, layout_layer_cave,
          spider_nest_entry_web_field, serial_bayou_shore_b
Lair:3:   layout_roguey, gammafunk_ghost_hydra_chop
Lair:4:   layout_regular_city, minmay_shoals_entry_beasts, gammafunk_ghost_hive,
          grunt_megastairs_1
Lair:5:   layout_regular_city, chequers_serial_rivers_large_a,
          minmay_lair_oklob_items
Lair:6:   minmay_lair_end_enchanted_forest, layout_loops_ring, slime_dummy,
          lemuel_fruit_fields
Shoals:1: layout_shoals, ebering_ghost_davey_jones, nicolae_shoals_loop_pool,
          uniq_roxanne, uniq_donald
Shoals:2: layout_shoals, uniq_polyphemus, uniq_ilsuiw
Shoals:3: layout_shoals, uniq_louise
Shoals:4: shoals_end_grunt_garden, layout_shoals
Spider:1: layout_spider_delve
Spider:2: layout_spider_delve
Spider:3: layout_chambers, uniq_nikola
Orc:1:    layout_caves, serial_shops, nicolae_shop_behind_doors, elf_legates,
          uniq_josephine
Orc:2:    st_orc_congregation, layout_caves, basic_altar, guppyfry_orc_lava_fort
Elf:1:    eino_elf_arrival_sip, layout_geoelf_grid, serial_shops,
          nicolae_shop_overgrown_old_shop, minmay_elf_crystal_hexagon
Elf:2:    layout_gridlike, serial_shops, nicolae_shop_trees,
          hangedman_summoners_spam
Elf:3:    elf_hall_gauntlet_wide, layout_geoelf_castle, serial_sigils,
          serial_sigils_hangedman_confine, serial_shops, shop_fountains,
          drop_trap
Vaults:1: v_rooms_6, nicolae_vaults_what_the_h, st_cross,
          hangedman_vaults_stream, v_misc_29, ontoclasm_vaults_loading_screen,
          vaults_mumra_hex, vaults_dpeg_ring, hangedman_vaults_hat,
          v_alt_pattern_1, v_misc_17, layout_vaults_maze_snakey, serial_shops,
          shop
Vaults:2: hangedman_vaults_cutoff, hangedman_vaults_capsules,
          hangedman_vaults_nails, ontoclasm_vaults_loading_screen,
          nicolae_vaults_mini_display_case, vaults_room_hangedman_quadrants,
          layout_vaults_omnigrid, minmay_crypt_entry_simple_walls,
          uniq_saint_roka
Vaults:3: gammafunk_vaults_ghost_necromancy, hangedman_vaults_stitches,
          v_misc_27, grunt_vaults_hallway_short, nicolae_vaults_border_crossing,
          hangedman_vaults_stretched_pinwheel, v_misc_11,
          nicolae_vaults_holding_cells, vaults_dpeg_doors,
          layout_vaults_big_room, serial_shops, bzr_in_the_mist,
          nicolae_shop_stone, shop, nicolae_shop_behind_doors
Vaults:4: nicolae_vaults_an_arrangement, v_misc_11,
          nicolae_vaults_bisected_exclaves, nicolae_vaults_little_ls,
          serial_ice_h, nicolae_vaults_yaktaur_gun_rack,
          hangedman_vaults_unwind, vaults_room_hallway,
          ontoclasm_vaults_shuriken, v_misc_27, vaults_mumra_chevron,
          vaults_room_pools, layout_vaults_omnicross
Vaults:5
Crypt:1:  layout_basic, basic_altar
Depths:1: layout_roguey, grunt_mini_vestibule, lightli_corner_chamber,
          serial_bayou_shore_b, minmay_shoptagon, serial_bayou_shore_b,
          serial_bayou_shore_b

Skill      XL: |  1  2  3  4  5  6  7  8  9 10 11 12 13 14 15 16 17 18 19 20 21 22 |
---------------+-------------------------------------------------------------------+-----
Axes           | 3 4 6 8 10 11 12 13 14 15 16 17 18 19 20 21 | 21.0
Fighting       | 4 5 6 7 8 9 10 11 12 13 14 15 16 17 18 | 18.1
Throwing       | 1 2 3 4 5 6 7 8 9 10 11 12 | 12.9
Shields        | 4 5 6 7 8 9 10 11 12 13 14 15 16 17 18 | 18.0
Armour         | 4 6 7 8 9 10 11 12 13 14 | 14.8
Maces & Flails | 1 4 6 7 8 9 10 11 12 13 | 13.9
Invocations    | 2 4 5 7 8 9 10 11 12 13 14 15 | 15.0
Evocations     | 1 2 |  2.9
Long Blades    | 2 3 5 6 7 8 |  8.0
Dodging        | 1 2 |  2.1
Short Blades   | 3 4 |  4.0
Stealth        | 1 3 4 |  4.3

Action                   |  1- 3 |  4- 6 |  7- 9 | 10-12 | 13-15 | 16-18 | 19-21 | 22-24 || total
-------------------------+-------+-------+-------+-------+-------+-------+-------+-------++-------
Melee: War axe           |   103 |   200 |   185 |   466 |  1163 |   506 |       |       ||  2623
       Dagger            |       |     6 |       |       |       |       |       |       ||     6
       Whip              |       |       |    45 |     8 |       |       |       |       ||    53
       Mace              |       |       |   149 |   134 |       |       |       |       ||   283
       Morningstar       |       |       |     2 |       |       |       |     7 |       ||     9
       Scimitar          |       |       |       |    28 |    60 |       |       |    16 ||   104
       Broad axe         |       |       |       |       |    11 |   560 |  1438 |   388 ||  2397
       Demon whip        |       |       |       |       |    25 |   221 |   150 |    24 ||   420
       Peck              |       |       |       |       |       |   341 |   626 |   143 ||  1110
       Eveningstar       |       |       |       |       |       |     6 |       |       ||     6
       Long sword        |       |       |       |       |       |       |    21 |       ||    21
Throw: Dart              |       |    13 |    35 |    34 |       |       |       |       ||    82
       Boomerang         |       |       |       |    17 |   254 |   361 |   203 |       ||   835
       Javelin           |       |       |       |       |       |     1 |    51 |     8 ||    60
Invok: Heroism           |       |       |     1 |     6 |    15 |    15 |    17 |     2 ||    56
       Finesse           |       |       |       |       |       |     2 |       |       ||     2
Evoke: Wand              |       |       |     3 |    23 |    17 |     8 |     9 |       ||    60
       Box of beasts     |       |       |       |       |       |     2 |     1 |       ||     3
       Phantom mirror    |       |       |       |       |       |     2 |       |       ||     2
  Use: Scroll            |       |     8 |     4 |    23 |    11 |    23 |     7 |     2 ||    78
       Potion            |       |     3 |     2 |     2 |    10 |    12 |     8 |       ||    37
 Stab: Distracted        |       |       |       |       |       |     1 |       |       ||     1
       Petrifying        |       |       |       |       |       |     2 |       |       ||     2
       Petrified         |       |       |       |       |       |     1 |       |       ||     1
  Eat: Chunk             |     1 |     7 |    12 |    12 |    17 |     8 |     3 |     7 ||    67
       Ration            |       |       |       |     5 |    10 |    10 |     9 |     1 ||    35
Armor: Scale mail        |    51 |    43 |       |       |       |       |       |       ||    94
       Plate armour      |       |    77 |   195 |   233 |   487 |   325 |   179 |   104 ||  1600
       Skin              |       |       |       |     1 |       |       |       |       ||     1
       Chain mail        |       |       |       |       |       |    39 |       |       ||    39
Dodge: Dodged            |    27 |    45 |    58 |   161 |   417 |   317 |   176 |   107 ||  1308
       Repelled          |       |       |       |       |     1 |       |       |       ||     1
Block: Kite shield       |    40 |    95 |   197 |   376 |   849 |   851 |   714 |   429 ||  3551
       Reflection        |       |       |       |       |       |    96 |    93 |       ||   189
       Other             |       |       |       |       |       |    33 |       |       ||    33
       Tower shield      |       |       |       |       |       |       |   332 |       ||   332
       Rpst.: Scimitar   |       |       |       |     2 |     2 |       |       |     3 ||     7
       Long sword        |       |       |       |       |       |       |     1 |       ||     1

Table legend:
 A = Non-vault XP
 B = Vault XP
 C = Vault XP percentage of total XP
 D = Non-vault monster count
 E = Vault monster count
 F = Vault count percentage of total count
                 A         B        C        D         E       F
            +---------+---------+-------+---------+---------+-------
      Total |  372559 |  267484 |  41.8 |    1013 |     515 |  33.7
            +---------+---------+-------+---------+---------+-------
        D:1 |      49 |       0 |   0.0 |      25 |       0 |   0.0
        D:2 |     171 |      35 |  17.0 |      32 |       6 |  15.8
        D:3 |      27 |     310 |  92.0 |      10 |       2 |  16.7
        D:4 |     404 |     673 |  62.5 |      27 |       1 |   3.6
        D:5 |     669 |     477 |  41.6 |      16 |       4 |  20.0
        D:6 |     590 |       0 |   0.0 |      17 |       0 |   0.0
        D:7 |     884 |       0 |   0.0 |       7 |       0 |   0.0
        D:8 |     699 |     555 |  44.3 |      11 |       2 |  15.4
        D:9 |    2080 |    2050 |  49.6 |      19 |       7 |  26.9
       D:10 |    1130 |       0 |   0.0 |      13 |       0 |   0.0
       D:11 |    2628 |    3451 |  56.8 |      24 |       4 |  14.3
       D:12 |    6603 |    7489 |  53.1 |      36 |      43 |  54.4
       D:13 |    6249 |    2543 |  28.9 |      25 |       9 |  26.5
       D:14 |   10399 |    9195 |  46.9 |      32 |      12 |  27.3
       D:15 |    8194 |    2062 |  20.1 |      25 |       2 |   7.4
     Lair:1 |    2280 |     876 |  27.8 |       7 |       1 |  12.5
     Lair:2 |    7970 |    2172 |  21.4 |      21 |      16 |  43.2
     Lair:3 |    6292 |    2900 |  31.5 |      28 |       3 |   9.7
     Lair:4 |    3921 |    1944 |  33.1 |      15 |       9 |  37.5
     Lair:5 |    1048 |     535 |  33.8 |       2 |       1 |  33.3
     Lair:6 |   18917 |    8454 |  30.9 |      50 |      44 |  46.8
   Shoals:1 |    5028 |    3903 |  43.7 |      12 |       2 |  14.3
   Shoals:2 |    6086 |    7761 |  56.0 |      10 |       8 |  44.4
   Shoals:3 |   21081 |       0 |   0.0 |      41 |       0 |   0.0
   Shoals:4 |   11120 |   19564 |  63.8 |      24 |      32 |  57.1
   Spider:1 |   17536 |       0 |   0.0 |      55 |       0 |   0.0
   Spider:2 |   10593 |       0 |   0.0 |      27 |       0 |   0.0
   Spider:3 |   13286 |       0 |   0.0 |      36 |       0 |   0.0
      Orc:1 |    1458 |   17715 |  92.4 |      13 |      39 |  75.0
      Orc:2 |    1075 |    6268 |  85.4 |      12 |      51 |  81.0
      Elf:1 |   21008 |    8527 |  28.9 |      31 |      15 |  32.6
      Elf:2 |   13233 |   21587 |  62.0 |      24 |      28 |  53.8
      Elf:3 |   16636 |   37266 |  69.1 |      28 |      25 |  47.2
   Vaults:1 |   41774 |   41546 |  49.9 |      82 |      65 |  44.2
   Vaults:2 |   19120 |   20027 |  51.2 |      31 |      32 |  50.8
   Vaults:3 |   19261 |   16200 |  45.7 |      44 |      22 |  33.3
   Vaults:4 |   43882 |   21399 |  32.8 |      68 |      30 |  30.6
    Crypt:1 |   15295 |       0 |   0.0 |      19 |       0 |   0.0
   Depths:1 |   13883 |       0 |   0.0 |      14 |       0 |   0.0
            +---------+---------+-------+---------+---------+-------
